 Dungeon Crawl Stone Soup version 0.21.0-3-g78d12a8 (webtiles) character file.

17927 johnstein the Martial Artist (level 12, -4/87 HPs)
             Began as a Gnoll Monk on Jan 10, 2018.
             Was a Priest of Makhleb.
             Shot with an arrow by Nessos (7 damage)
             ... on level 4 of the Lair of Beasts on Jan 11, 2018.
             The game lasted 01:01:12 (16894 turns).

johnstein the Martial Artist (Gnoll Monk)          Turns: 16894, Time: 01:01:12

Health: -4/87      AC: 12    Str: 16    XL:     12   Next: 53%
Magic:  21/22      EV: 16    Int: 13    God:    Makhleb [***...]
Gold:   761        SH:  0    Dex: 20    Spells: 20/25 levels left

rFire    + . .     SeeInvis .     - Unarmed
rCold    . . .     Gourm    .   (no shield)
rNeg     + . .     Faith    .   x - +0 scale mail
rPois    .         Spirit   .   P - +2 helmet
rElec    .         Reflect  .   (no cloak)
rCorr    .         Harm     .   y - +0 pair of gloves
MR       +....     Clarity  +   (no boots)
Stlth    +++.......             (no amulet)
HPRegen  0.24/turn              o - ring of positive energy
MPRegen  0.18/turn              T - ring of protection from magic

@: about to teleport, very slightly contaminated
A: distributed training, fangs 1, clarity, fire resistance 1, frail 1, strong
nose
a: Minor Destruction, Lesser Servant of Makhleb, Renounce Religion


You were on level 4 of the Lair of Beasts.
You worshipped Makhleb.
Makhleb was most pleased with you.
You were not hungry.

You visited 5 branches of the dungeon, and saw 16 of its levels.

You collected 761 gold pieces.

Notes
Turn   | Place    | Note
-------+----------+-------------------------------------------
     0 | D:1      | johnstein the Gnoll Monk began the quest for the Orb.
     0 | D:1      | Reached XP level 1. HP: 23/23 MP: 1/1
    65 | D:1      | Reached XP level 2. HP: 29/29 MP: 2/2
   483 | D:1      | Reached XP level 3. HP: 35/35 MP: 3/3
   643 | D:1      | Reached skill level 1 in Invocations
  1231 | D:2      | Reached skill level 1 in Short Blades
  1231 | D:2      | Reached skill level 1 in Long Blades
  1231 | D:2      | Reached skill level 1 in Axes
  1231 | D:2      | Reached skill level 1 in Maces & Flails
  1231 | D:2      | Reached skill level 1 in Polearms
  1231 | D:2      | Reached skill level 1 in Staves
  1231 | D:2      | Reached skill level 1 in Slings
  1231 | D:2      | Reached skill level 1 in Bows
  1231 | D:2      | Reached skill level 1 in Crossbows
  1231 | D:2      | Reached skill level 1 in Throwing
  1231 | D:2      | Reached skill level 1 in Armour
  1231 | D:2      | Reached skill level 1 in Shields
  1231 | D:2      | Reached skill level 1 in Spellcasting
  1231 | D:2      | Reached skill level 1 in Evocations
  1381 | D:2      | Reached XP level 4. HP: 36/41 MP: 5/5
  1685 | D:2      | Reached skill level 1 in Conjurations
  1685 | D:2      | Reached skill level 1 in Hexes
  1685 | D:2      | Reached skill level 1 in Charms
  1685 | D:2      | Reached skill level 1 in Summonings
  1685 | D:2      | Reached skill level 1 in Necromancy
  1685 | D:2      | Reached skill level 1 in Translocations
  1685 | D:2      | Reached skill level 1 in Transmutations
  1685 | D:2      | Reached skill level 1 in Fire Magic
  1685 | D:2      | Reached skill level 1 in Ice Magic
  1685 | D:2      | Reached skill level 1 in Air Magic
  1685 | D:2      | Reached skill level 1 in Earth Magic
  1685 | D:2      | Reached skill level 1 in Poison Magic
  1852 | D:2      | Found a deep blue altar of Sif Muna.
  2231 | D:3      | Reached XP level 5. HP: 39/47 MP: 6/6
  2511 | D:3      | Found a hide-covered altar of Uskayaw.
  2665 | D:3      | Reached XP level 6. HP: 46/53 MP: 8/8
  2689 | D:3      | Huge Dmg: 12 dmg
  3081 | D:3      | Found a shadowy altar of Dithmenos.
  3507 | D:4      | Reached XP level 7. HP: 56/59 MP: 10/10
  3775 | D:4      | Noticed Ijyb
  3790 | D:4      | Killed Ijyb
  4188 | D:4      | Huge Dmg: 14 dmg
  4477 | D:5      | Entered Level 5 of the Dungeon
  4556 | D:5      | Reached skill level 5 in Stealth
  4678 | D:5      | Huge Dmg: 14 dmg
  4680 | D:5      | Huge Dmg: 20 dmg
  4689 | D:5      | Huge Dmg: 12 dmg
  4925 | D:5      | Reached XP level 8. HP: 67/67 MP: 10/12
  4955 | D:5      | Found a white marble altar of Elyvilon.
  5740 | D:6      | Found a staircase to the Ecumenical Temple.
  5767 | Temple   | Entered the Ecumenical Temple
  6199 | Temple   | Became a worshipper of Makhleb the Destroyer
  6199 | Temple   | Reached * piety under Makhleb
  6199 | Temple   | Reached ** piety under Makhleb
  6351 | D:6      | Huge Dmg: 21 dmg
  6352 | D:6      | Huge Dmg: 31 dmg
  6707 | D:6      | Found Mesemeiw's Weapon Shop.
  6787 | D:6      | Found an iron altar of Okawaru.
  6787 | D:6      | Found a glowing silver altar of Zin.
  6846 | D:6      | Found a glowing silver altar of Zin.
  6948 | D:7      | Noticed Prince Ribbit
  6963 | D:7      | Huge Dmg: 16 dmg
  7398 | D:7      | Reached XP level 9. HP: 64/72 MP: 14/14
  7416 | D:7      | Found a blossoming altar of Fedhas.
  7447 | D:7      | Found an ancient bone altar of Kikubaaqudgha.
  7468 | D:7      | Huge Dmg: 7 dmg
  7478 | D:7      | Huge Dmg: 6 dmg
  7481 | D:7      | Huge Dmg: 7 dmg
  7790 | D:7      | Found a white marble altar of Elyvilon.
  7802 | D:7      | Noticed a two-headed ogre
  7916 | D:7      | Huge Dmg: 18 dmg
  7919 | D:7      | Huge Dmg: 13 dmg
  7920 | D:7      | Huge Dmg: 17 dmg
  7920 | D:7      | Killed a two-headed ogre
  8340 | D:7      | Reached skill level 5 in Invocations
  8438 | D:7      | Found a stormy altar of Qazlal.
  8588 | D:7      | Reached XP level 10. HP: 65/80 MP: 17/17
  8612 | D:7      | Huge Dmg: 14 dmg
  8626 | D:7      | Killed Prince Ribbit
  8900 | D:8      | Found Worypny's Jewellery Boutique.
  9000 | D:8      | Noticed a two-headed ogre
  9011 | D:8      | Huge Dmg: 32 dmg
  9263 | D:8      | Reached skill level 5 in Short Blades
  9263 | D:8      | Reached skill level 5 in Long Blades
  9263 | D:8      | Reached skill level 5 in Axes
  9263 | D:8      | Reached skill level 5 in Maces & Flails
  9263 | D:8      | Reached skill level 5 in Polearms
  9263 | D:8      | Reached skill level 5 in Staves
  9263 | D:8      | Reached skill level 5 in Slings
  9263 | D:8      | Reached skill level 5 in Bows
  9263 | D:8      | Reached skill level 5 in Crossbows
  9263 | D:8      | Reached skill level 5 in Throwing
  9263 | D:8      | Reached skill level 5 in Armour
  9263 | D:8      | Reached skill level 5 in Shields
  9263 | D:8      | Reached skill level 5 in Spellcasting
  9263 | D:8      | Reached skill level 5 in Evocations
  9322 | D:8      | Found a staircase to the Lair.
  9348 | D:8      | Noticed Grum
  9360 | D:8      | Huge Dmg: 9 dmg
  9366 | D:8      | Reached *** piety under Makhleb
  9368 | D:8      | Huge Dmg: 10 dmg
  9369 | D:8      | Huge Dmg: 8 dmg
  9373 | D:8      | Huge Dmg: 12 dmg
  9380 | D:8      | Killed Grum
  9816 | D:8      | Found a hazy altar of Hepliaklqana.
  9864 | D:8      | Huge Dmg: 17 dmg
  9870 | D:8      | Killed a two-headed ogre
 10060 | D:8      | Found a white marble altar of Elyvilon.
 10244 | D:8      | Huge Dmg: 14 dmg
 10284 | D:8      | Noticed a two-headed ogre
 10341 | D:8      | Huge Dmg: 17 dmg
 10343 | D:8      | Huge Dmg: 17 dmg
 10346 | D:8      | Huge Dmg: 10 dmg
 10347 | D:8      | Huge Dmg: 19 dmg
 10347 | D:8      | Killed a two-headed ogre
 11079 | Lair:1   | Entered Level 1 of the Lair of Beasts
 11098 | Lair:1   | Noticed a five-headed hydra
 11103 | Lair:1   | Killed a five-headed hydra
 11103 | Lair:1   | Reached XP level 11. HP: 87/87 MP: 19/19
 11414 | Lair:1   | Noticed Joseph
 11437 | Lair:1   | Killed Joseph
 11437 | Lair:1   | Reached skill level 5 in Conjurations
 11437 | Lair:1   | Reached skill level 5 in Hexes
 11437 | Lair:1   | Reached skill level 5 in Charms
 11437 | Lair:1   | Reached skill level 5 in Summonings
 11437 | Lair:1   | Reached skill level 5 in Necromancy
 11437 | Lair:1   | Reached skill level 5 in Translocations
 11437 | Lair:1   | Reached skill level 5 in Transmutations
 11437 | Lair:1   | Reached skill level 5 in Fire Magic
 11437 | Lair:1   | Reached skill level 5 in Ice Magic
 11437 | Lair:1   | Reached skill level 5 in Air Magic
 11437 | Lair:1   | Reached skill level 5 in Earth Magic
 11437 | Lair:1   | Reached skill level 5 in Poison Magic
 11674 | Lair:1   | Huge Dmg: 17 dmg
 11682 | Lair:1   | Huge Dmg: 13 dmg
 11685 | Lair:1   | Huge Dmg: 18 dmg
 11685 | Lair:1   | Gained mutation: You possess an exceptional clarity of mind. [potion of mutation]
 11685 | Lair:1   | Gained mutation: You are frail. (-10% HP) [potion of mutation]
 11685 | Lair:1   | Gained mutation: Your flesh is heat resistant. (rF+) [potion of mutation]
 11686 | Lair:1   | Huge Dmg: 10 dmg
 12445 | Lair:1   | Huge Dmg: 14 dmg
 13016 | Lair:2   | Found a hole to the Spider Nest.
 13079 | Lair:2   | Huge Dmg: 32 dmg
 13266 | Lair:2   | Noticed Harold
 13277 | Lair:2   | Killed Harold
 13364 | Lair:2   | Huge Dmg: 16 dmg
 13366 | Lair:2   | Huge Dmg: 14 dmg
 13373 | Lair:2   | Huge Dmg: 12 dmg
 13412 | Lair:2   | Huge Dmg: 16 dmg
 13801 | Lair:2   | Reached XP level 12. HP: 66/86 MP: 22/22
 13814 | Lair:2   | Reached **** piety under Makhleb
 14235 | Lair:3   | Huge Dmg: 19 dmg
 14465 | Spider:1 | Entered Level 1 of the Spider Nest
 14514 | Lair:3   | Found a staircase to the Swamp.
 14609 | Swamp:1  | Entered Level 1 of the Swamp
 14609 | Swamp:1  | Noticed an alligator
 14609 | Swamp:1  | Noticed an alligator
 15687 | Lair:3   | Huge Dmg: 22 dmg
 16012 | Lair:3   | Learned a level 1 spell: Apportation
 16014 | Lair:3   | Learned a level 1 spell: Summon Butterflies
 16020 | Lair:3   | Learned a level 3 spell: Tukima's Dance
 16164 | Lair:4   | Huge Dmg: 17 dmg
 16167 | Lair:4   | Huge Dmg: 17 dmg
 16201 | Lair:3   | HP: 4/87 [poisoned by a black mamba]
 16208 | Lair:3   | HP: 4/87 [poisoned by a black mamba]
 16216 | Lair:3   | HP: 4/87 [poisoned by a black mamba]
 16217 | Lair:3   | Huge Dmg: 11 dmg
 16590 | Lair:4   | Found an ornate altar of the Wu Jian Council.
 16672 | Lair:4   | Huge Dmg: 12 dmg
 16792 | Lair:4   | Huge Dmg: 13 dmg
 16830 | Lair:4   | Huge Dmg: 8 dmg
 16878 | Lair:4   | Noticed Nessos
 16885 | Lair:4   | Huge Dmg: 5 dmg
 16886 | Lair:4   | Huge Dmg: 4 dmg
 16889 | Lair:4   | Huge Dmg: 34 dmg
 16890 | Lair:4   | HP: 3/87 [Nessos/arrow (12)]
 16891 | Lair:4   | Huge Dmg: 6 dmg
 16894 | Lair:4   | Shot with an arrow by Nessos

Inventory:

Hand Weapons
 b - a +3 hunting sling of velocity
 B - a +1 shortbow
 K - a +0 falchion of electrocution
Missiles
 k - 43 sling bullets
 l - 52 poisoned needles
 q - 7 tomahawks
 C - 252 arrows
 W - a throwing net (quivered)
Armour
 x - a +0 scale mail (worn)
 y - a +0 pair of gloves (worn)
 z - a +0 ring mail of positive energy
 G - a +0 chain mail
 P - a +2 helmet (worn)
Jewellery
 f - an uncursed ring of wizardry
 o - a ring of positive energy (left hand)
 T - a ring of protection from magic (right hand)
Wands
 j - a wand of polymorph (17)
 E - a wand of random effects (47)
 J - a wand of paralysis (7)
 N - a wand of acid (3)
 S - a wand of scattershot (9)
 V - a wand of iceblast (4)
Scrolls
 a - a scroll of acquirement {unknown}
 g - a scroll of magic mapping
 h - 4 scrolls of remove curse
 m - 2 scrolls of fear
 D - 2 scrolls of enchant weapon
 M - a scroll of holy word {unknown}
 O - a scroll of fog {unknown}
 Q - 2 scrolls of teleportation
 R - a scroll of vulnerability {unknown}
 X - a scroll of immolation
 Z - a scroll of amnesia {unknown}
Potions
 e - 3 potions of flight
 i - a potion of ambrosia {!e}
 n - 3 potions of lignification
 p - a potion of cancellation
 s - a potion of resistance
 t - 2 potions of mutation {!q}
 v - 2 potions of magic
 w - a potion of berserk rage {unknown}
 F - a potion of agility
 H - 2 potions of haste
 I - a potion of brilliance
 U - 2 potions of might
Books
 u - a book of Party Tricks

   Spells                             Type                      Level
   a - Summon Butterflies             Summoning                    1
   b - Apportation                    Translocation                1
   c - Lesser Beckoning               Translocation                3
   d - Tukima's Dance                 Hexes                        3
   e - Alistair's Intoxication        Transmutation/Poison         5
   f - Invisibility                   Hexes                        6
 A - a book of Callings

   Spells                             Type                      Level
   a - Summon Small Mammal            Summoning                    1
   b - Call Imp                       Summoning                    2
   c - Call Canine Familiar           Summoning                    3
   d - Summon Guardian Golem          Hexes/Summoning              3
   e - Summon Lightning Spire         Summoning/Air                4
   f - Summon Ice Beast               Ice/Summoning                4
Comestibles
 c - 18 rations

Table legend:
 A = Turns spent in this place as a percentage of turns spent in the entire game.
 B = Non-inter-level travel turns spent in this place as a percentage of non-inter-level travel turns spent in the entire game.
 C = Inter-level travel turns spent in this place as a percentage of turns spent in this place.
 D = Turns resting spent in this place as a percentage of non-inter-level travel turns spent in this place.
 E = Turns spent auto-exploring this place as a percentage of non-inter-level travel turns spent in this place.
 F = Non-inter-level travel turns spent in this place divided by the number of levels of this place that you've seen.
                   A       B       C       D       E      F
               +-------+-------+-------+-------+-------+----------------------
         Total | 100.0 | 100.0 |   5.4 |  34.0 |  48.1 | 998.8
       Dungeon |  62.9 |  62.5 |   6.1 |  31.0 |  51.4 | 1109.4
        Temple |   2.7 |   2.7 |   3.8 |   0.0 |  93.1 | 434.0
          Lair |  34.4 |  34.8 |   4.4 |  42.1 |  38.7 | 1389.2
         Swamp |   0.0 |   0.0 |   0.0 |   0.0 |   0.0 |   2.0
   Spider Nest |   0.0 |   0.0 |   0.0 |   0.0 |   0.0 |   2.0
               +-------+-------+-------+-------+-------+----------------------


   Skills:
 + Level 9.8 Fighting
 + Level 7.2 Short Blades
 + Level 7.2 Long Blades
 + Level 7.2 Axes
 + Level 7.2 Maces & Flails
 + Level 7.2 Polearms
 + Level 7.2 Staves
 + Level 7.2 Slings
 + Level 7.2 Bows
 + Level 7.2 Crossbows
 + Level 7.2 Throwing
 + Level 7.2 Armour
 + Level 9.8 Dodging
 + Level 8.4 Stealth
 + Level 7.2 Shields
 + Level 9.8 Unarmed Combat
 + Level 7.2 Spellcasting
 + Level 6.0 Conjurations
 + Level 6.0 Hexes
 + Level 6.0 Charms
 + Level 6.0 Summonings
 + Level 6.0 Necromancy
 + Level 6.0 Translocations
 + Level 6.0 Transmutations
 + Level 6.0 Fire Magic
 + Level 6.0 Ice Magic
 + Level 6.0 Air Magic
 + Level 6.0 Earth Magic
 + Level 6.0 Poison Magic
 + Level 7.9 Invocations
 + Level 7.2 Evocations


You had 20 spell levels left.
You knew the following spells:

 Your Spells              Type           Power        Failure   Level  Hunger
a - Apportation           Tloc           ###...       3%          1    None
s - Summon Butterflies    Summ           ###.....     3%          1    None
z - Tukima's Dance        Hex            ###.....     12%         3    ##.....


Dungeon Overview and Level Annotations

Branches:
Dungeon (9/15)             Temple (1/1) D:6            Lair (4/6) D:8
  Swamp (1/4) Lair:3       Spider (1/4) Lair:2
    Orc: D:9-12

Altars:
Ashenzari
Cheibriados
Dithmenos
Elyvilon
Fedhas
Hepliaklqana
Kikubaaqudgha
Makhleb
Okawaru
Qazlal
Ru
Sif Muna
Trog
Uskayaw
Vehumet
Wu Jian
Xom
Yredelemnul
Zin
The Shining One

Shops:
D:6 (   D:8 =

Annotations:
Lair:3 exclusion: oklob plant
Lair:4 exclusion: oklob plant, Nessos


Innate Abilities, Weirdness & Mutations

Your experience applies equally to all skills.
You have very sharp teeth.
Your uncanny sense of smell can sniff out nearby items.
You possess an exceptional clarity of mind.
Your flesh is heat resistant. (rF+)
You are frail. (-10% HP)


Message History

* * * don't die
* * * Huge Dmg: -7%(-6hp) hp: 3%(2hp)
Okay, then!!!
Blink to where?
Press: ? - help, Dir - move target cursor, p - Nessos You are very lightly contaminated with residual magic!!!
As you read the scroll of blinking, it crumbles to dust!!!
As you read the scroll of teleportation, it crumbles to dust!!!
You feel strangely unstable!!!
Okay, then!!!
Okay, then!!!
Casting: Apportation
Confirm with !!! or Enter, or press ? or * to list all spells!!!
Nessos shoots an arrow!!!
The arrow hits your hellwing!!!!!!!!! The arrow burns your hellwing!!!
Your neqoxec gestures at Nessos!!!
Nessos twists and deforms!!!
Your hellwing hits Nessos!!!!!!!!! Your hellwing hits Nessos!!!
Nessos shoots an arrow!!!
The arrow hits you!!!!!!!!! rip

#.............
##.............
###..............
#..............#.
#.........###.#.#
##..P.....##
#####
##.b^.......#
##.b.##.....##
#P.@.#....#..#
###.b......P####
#.....b.†.###
##....b...P#
##...(..###
###...(.##
##.....(##
#......c4# #
##....3((# ..


You could see Nessos and a friendly hellwing.

Table legend:
 A = Kills in this place as a percentage of kills in entire the game.
 B = Kills by you in this place as a percentage of kills by you in the entire game.
 C = Kills by friends in this place as a percentage of kills by friends in the entire game.
 D = Other kills in this place as a percentage of other kills in the entire game.
 E = Experience gained in this place as a percentage of experience gained in the entire game.
 F = Experience gained in this place divided by the number of levels of this place that you have seen.
                   A       B       C       D       E      F
               +-------+-------+-------+-------+-------+----------------------
         Total | 100.0 | 100.0 | 100.0 |   N/A | 100.0 | 1600.7
       Dungeon |  72.9 |  74.5 |   0.0 |   N/A |  33.8 | 963.0
          Lair |  27.1 |  25.5 | 100.0 |   N/A |  66.2 | 4236.0
               +-------+-------+-------+-------+-------+----------------------

Vanquished Creatures
  Monster Symbol All '5'
  7 crimson imps
  A shadow imp (D:6)
8 creatures vanquished. All '@' Harold (Lair:2) Joseph (Lair:1)
2 creatures vanquished. All 'D' A hydra (Lair:1)
1 creature vanquished. All 'F' 3 spiny frogs Prince Ribbit (D:7) 10 blink frogs 7 bullfrogs
21 creatures vanquished. All 'H' 8 hippogriffs
8 creatures vanquished. All 'J' 2 jellies
2 creatures vanquished. All 'K' A big kobold (D:7) 10 kobolds
11 creatures vanquished. All 'O' 3 two-headed ogres 3 ogres
6 creatures vanquished. All 'S' 4 black mambas 2 water moccasins (Lair:2) 4 adders A ball python (D:1)
11 creatures vanquished. All 'Y' 11 yaks 2 sky beasts
13 creatures vanquished. All 'Z' A bullfrog skeleton (D:3) 2 centaur zombies (D:7) A hound skeleton (D:6) A howler monkey skeleton (D:2) 2 adder skeletons
7 creatures vanquished. All 'a' A worker ant (D:8)
1 creature vanquished. All 'b' 9 bats
9 creatures vanquished. All 'c' 4 centaurs
4 creatures vanquished. All 'g' Grum (D:8) Ijyb (D:4) A gnoll (D:1) 6 goblins 11 hobgoblins
20 creatures vanquished. All 'h' 3 wolves (D:8) A howler monkey (D:8) 4 hounds 5 jackals
13 creatures vanquished. All 'k' A lindwurm (Lair:3)
1 creature vanquished. All 'l' A komodo dragon (Lair:2) 2 basilisks (Lair:3) 2 iguanas 3 leopard geckos 5 frilled lizards
13 creatures vanquished. All 'o' 2 orc warriors 4 orc priests 8 orc wizards 19 orcs
33 creatures vanquished. All 'r' 2 porcupines 3 quokkas 7 rats
12 creatures vanquished. All 's' 2 redbacks (Lair:2) 7 scorpions 5 giant cockroaches
14 creatures vanquished. All 't' 9 crocodiles
9 creatures vanquished. All 'w' 3 worms 3 dart slugs
6 creatures vanquished. All 'y' 2 vampire mosquitoes (Lair:3)
2 creatures vanquished. All 'z' 4 wights (D:3)
4 creatures vanquished.
231 creatures vanquished. Monster Nature Uniques Harold (Lair:2) Joseph (Lair:1) Prince Ribbit (D:7) Grum (D:8) Ijyb (D:4)
5 creatures vanquished. Natural Monsters A hydra (Lair:1) 3 two-headed ogres A lindwurm (Lair:3) 4 black mambas 3 spiny frogs A komodo dragon (Lair:2) 8 hippogriffs 10 blink frogs 2 redbacks (Lair:2) 11 yaks 2 basilisks (Lair:3) 2 porcupines 2 orc warriors 2 water moccasins (Lair:2) 2 sky beasts 4 centaurs 3 ogres 3 wolves (D:8) 9 crocodiles A big kobold (D:7) 7 bullfrogs 7 scorpions A howler monkey (D:8) 4 hounds 2 jellies 4 orc priests 8 orc wizards 2 iguanas A worker ant (D:8) A gnoll (D:1) 4 adders 3 worms 3 dart slugs 3 leopard geckos 19 orcs A ball python (D:1) 5 giant cockroaches 6 goblins 11 hobgoblins 5 jackals 3 quokkas 9 bats 5 frilled lizards 10 kobolds 7 rats
205 creatures vanquished. Undead Monsters 2 vampire mosquitoes (Lair:3) 4 wights (D:3) A bullfrog skeleton (D:3) 2 centaur zombies (D:7) A hound skeleton (D:6) A howler monkey skeleton (D:2) 2 adder skeletons
13 creatures vanquished. Demonic Monsters 7 crimson imps A shadow imp (D:6)
8 creatures vanquished.
231 creatures vanquished. Ascending Order Harold (Lair:2) A hydra (Lair:1) A lindwurm (Lair:3) Joseph (Lair:1) A komodo dragon (Lair:2) Prince Ribbit (D:7) Grum (D:8) A big kobold (D:7) A howler monkey (D:8) A bullfrog skeleton (D:3) Ijyb (D:4) A worker ant (D:8) A hound skeleton (D:6) A howler monkey skeleton (D:2) A gnoll (D:1) A shadow imp (D:6) A ball python (D:1) 2 redbacks (Lair:2) 2 basilisks (Lair:3) 2 vampire mosquitoes (Lair:3) 2 porcupines 2 orc warriors 2 water moccasins (Lair:2) 2 sky beasts 2 centaur zombies (D:7) 2 jellies 2 iguanas 2 adder skeletons 3 two-headed ogres 3 spiny frogs 3 ogres 3 wolves (D:8) 3 worms 3 dart slugs 3 leopard geckos 3 quokkas 4 black mambas 4 centaurs 4 wights (D:3) 4 hounds 4 orc priests 4 adders 5 jackals 5 giant cockroaches 5 frilled lizards 6 goblins 7 bullfrogs 7 scorpions 7 crimson imps 7 rats 8 hippogriffs 8 orc wizards 9 crocodiles 9 bats 10 blink frogs 10 kobolds 11 yaks 11 hobgoblins 19 orcs
231 creatures vanquished. ----------------------------------------

Vanquished Creatures (collateral kills)
  Monster Symbol All 'S'
  A black mamba (Lair:4)
1 creature vanquished. All 'Y' 3 elephants (Lair:4)
3 creatures vanquished. All 'l' A komodo dragon (Lair:4)
1 creature vanquished.
5 creatures vanquished. Monster Nature Natural Monsters 3 elephants (Lair:4) A black mamba (Lair:4) A komodo dragon (Lair:4)
5 creatures vanquished.
5 creatures vanquished. Ascending Order A black mamba (Lair:4) A komodo dragon (Lair:4) 3 elephants (Lair:4)
5 creatures vanquished. ----------------------------------------

Vanquished Creatures (others)
  Monster Symbol All 'P'
  A bush (Lair:3)
  3 fungi (Lair:2)
  A plant (Lair:2)
5 creatures vanquished.
5 creatures vanquished. Monster Nature Plants A bush (Lair:3) 3 fungi (Lair:2) A plant (Lair:2)
5 creatures vanquished.
5 creatures vanquished. Ascending Order A bush (Lair:3) A plant (Lair:2) 3 fungi (Lair:2)
5 creatures vanquished. ----------------------------------------

Grand Total: 241 creatures vanquished

Action                   |  1- 3 |  4- 6 |  7- 9 | 10-12 || total
-------------------------+-------+-------+-------+-------++-------
Melee: Unarmed           |    73 |   157 |   303 |   487 ||  1020
       Bite              |     6 |    24 |    54 |    73 ||   157
       Punch             |     4 |     8 |    11 |    16 ||    39
 Fire: Shortbow          |       |       |     8 |    20 ||    28
       Hunting sling     |       |       |       |   142 ||   142
Throw: Stone             |       |       |       |     1 ||     1
 Cast: Apportation       |       |       |       |     4 ||     4
       Summon Butterflie |       |       |       |     1 ||     1
Invok: Minor Destruction |       |       |     1 |       ||     1
       Lesser Servant of |       |       |       |     7 ||     7
Evoke: Wand              |       |       |     5 |    16 ||    21
  Use: Scroll            |     2 |     1 |     4 |    17 ||    24
       Potion            |     1 |       |     3 |     7 ||    11
 Stab: Sleeping          |     8 |     8 |     2 |     2 ||    20
       Distracted        |       |       |     1 |     2 ||     3
  Eat: Chunk             |     1 |     7 |    10 |     6 ||    24
       Ration            |       |       |     2 |     6 ||     8
Armor: Robe              |     4 |       |       |       ||     4
       Leather armour    |     4 |     7 |       |       ||    11
       Scale mail        |       |    15 |    78 |   138 ||   231
Dodge: Dodged            |    49 |   110 |   187 |   359 ||   705

Vault maps used:
D:1:      sevenhm_arrival_forest_fort_large_4
D:2:      lemuel_blue_sif_altar, eino_tiny_chamber
D:3:      lemuel_doored_altar, grunt_dithmenos_smoke_and_mirrors
D:4:      first_ration, hangedman_decor_points, uniq_ijyb
D:5:      elyvilon_altar_4
D:6:      gammafunk_temple_overflow_wave, minmay_temple_entry_water_ring,
          basic_altar, serial_shops, shop
D:7:      nicolae_qazlal_style_of_elements, lemuel_crystal_altar,
          kennysheep_mini_moat, basic_altar, uniq_prince_ribbit1
D:8:      nicolae_overflow_hidden_temple, lair_entry_dummy, serial_shops, shop,
          basic_altar, uniq_grum
D:9:      nemelex_altar_shiori, gammafunk_temple_overflow_arena
Temple:   compressed_dpeg_triangle_lava_temple
Lair:1:   minivault_27, grunt_megastairs_4, serial_bayou_shore_a,
          lemuel_fruit_fields, lemuel_fruit_fields, uniq_joseph
Lair:2:   spider_nest_entry_webs, infiniplex_staircase_pool_2,
          lemuel_fruit_fields, uniq_harold
Lair:3:   minmay_swamp_entry_swarm, minmay_lair_oklob_items, grunt_megastairs_5
Lair:4:   basic_altar, cheibrodos_lair_reptile_den, minmay_lair_oklob_chamber,
          uniq_nessos
Swamp:1:  evilmike_swamp_ruin_house_3, swamp_pool1, uniq_nikola, uniq_roxanne
Spider:1: spider_trap, guppyfry_spider_mini_2
